 Dungeon Crawl Stone Soup version 0.25-a0-253-g6f1b5d974a (webtiles) character file.

Game seed: 9696781465911000682, levelgen mode: classic

253 Borgoz the Cudgeler (level 6, -3/39 HPs)
             Began as a Gargoyle Fighter on Dec 5, 2019.
             Slain by an orc warrior
             ... wielding a +0 halberd
              (20 damage)
             ... on level 4 of the Dungeon.
             The game lasted 00:03:44 (2626 turns).

Borgoz the Cudgeler (Gargoyle Fighter)              Turns: 2626, Time: 00:03:44

Health: -3/39      AC: 11    Str: 22    XL:     6   Next: 14%
Magic:  6/6        EV:  7    Int:  8    God:
Gold:   192        SH:  9    Dex:  9    Spells: 5/5 levels left

rFire    . . .     SeeInvis .   a - +0 flail
rCold    . . .     Gourm    .   c - +0 shield
rNeg     + . .     Faith    .   b - +0 scale mail
rPois    ∞         Spirit   .   (no helmet)
rElec    +         Reflect  .   (no cloak)
rCorr    .         Harm     .   (no gloves)
MR       .....                  (no boots)
Stlth    ..........             (no amulet)
HPRegen  0.13/turn              (no ring)
MPRegen  0.10/turn              (no ring)

@: no status effects
A: negative energy resistance 1, electricity resistance, unbreathing,
petrification resistance, rot immunity, AC +4
a: no special abilities


You were on level 4 of the Dungeon.
You were not hungry.

You visited 1 branch of the dungeon, and saw 4 of its levels.

You collected 192 gold pieces.

Inventory:

Hand Weapons
 a - a +0 flail (weapon)
Missiles
 v - a throwing net (quivered)
Armour
 b - a +0 scale mail (worn)
 c - a +0 shield (worn)
Scrolls
 g - 2 scrolls of amnesia {unknown}
 h - a scroll of random uselessness {unknown}
 i - 3 scrolls of identify {unknown}
 k - a scroll of noise {unknown}
 l - 2 scrolls of fog {unknown}
 m - a scroll of fear {unknown}
 n - a scroll of teleportation {unknown}
 r - a scroll of remove curse {unknown}
 w - 2 scrolls of magic mapping {unknown}
Potions
 d - 2 potions of might
 e - a potion of mutation {unknown}
 j - a potion of brilliance {unknown}
 o - 2 potions of heal wounds {unknown}
 p - a potion of cancellation {unknown}
 q - a potion of agility {unknown}
 s - 3 potions of degeneration {unknown}
 t - a potion of ambrosia {unknown}
 x - a potion of curing {unknown}
Comestibles
 f - 4 rations
 u - a chunk of flesh


   Skills:
 + Level 4.5 Fighting
 * Level 4.6 Maces & Flails
 + Level 4.5 Armour
 - Level 3.3 Shields


You had 5 spell levels left.
You didn't know any spells.
Your spell library was empty.

Dungeon Overview and Level Annotations

Branches:
Dungeon (4/15)
 Temple: D:4-7

Altars:
Fedhas
Trog
Wu Jian
Xom
Yredelemnul
The Shining One


Innate Abilities, Weirdness & Mutations

You are resistant to torment.
Your stone body is resilient. (AC +4)
You are immune to poison.
You resist negative energy. (rN+)
You are resistant to electric shocks. (rElec)
You can survive without breathing.
You are immune to petrification.
You are immune to rotting.


Message History

You hit the orc.
The orc is severely wounded.
The orc barely misses you.
You hit the orc.
You kill the orc!
An orc warrior comes into view. It is wielding a +0 halberd.
The orc warrior shouts!
An orc comes into view. It is wielding a +0 flail.
Things that are here:
a +0 short sword; a +0 ring mail; an orc corpse You butcher the orc corpse.
The orc shouts!
Items here: % ) [ ÷ a +0 short sword; a +0 ring mail; 4 chunks of flesh; an orc skeleton
There is a stone staircase leading up here.
The orc warrior hits you from afar with a +0 halberd!
There is a stone staircase leading up here.
The orc warrior hits you with a +0 halberd!!
Ouch! That really hurt!
You die...

# ## ##. .# ##..
#.#..# #...# .##
#.# ...# ###@#
#...# ####oo.##
#...#####.......##
#.........###...##
#.......###
##.).## #....)###
##...# #:...##
##..## #.....
##..# #...... #..#


You could see an orc warrior and an orc.

Vanquished Creatures
  A crimson imp (D:3)
  An orc priest (D:3)
  A worker ant (D:4)
  4 gnolls (D:3)
  4 adders
  2 oozes
  A worm (D:2)
  A dart slug (D:1)
  2 leopard geckos
  7 orcs
  A giant cockroach (D:3)
  6 goblins
  9 hobgoblins
  A quokka (D:3)
  2 ball pythons
  10 bats
  6 frilled lizards
  6 kobolds
  11 rats
76 creatures vanquished.

Vanquished Creatures (others)
  An ooze (D:2)
1 creature vanquished.

Grand Total: 77 creatures vanquished

Notes
Turn   | Place    | Note
-------+----------+-------------------------------------------
     0 | D:1      | Borgoz the Gargoyle Fighter began the quest for the Orb.
     0 | D:1      | Reached XP level 1. HP: 14/14 MP: 1/1
   154 | D:1      | Reached XP level 2. HP: 18/19 MP: 2/2
   908 | D:1      | Reached XP level 3. HP: 23/23 MP: 3/3
  1037 | D:2      | Found a basalt altar of Yredelemnul.
  1262 | D:2      | Found a glowing golden altar of the Shining One.
  1314 | D:2      | Found a shimmering altar of Xom.
  1314 | D:2      | Found a shimmering altar of Xom.
  1318 | D:2      | Found a shimmering altar of Xom.
  1443 | D:2      | Reached XP level 4. HP: 29/29 MP: 4/4
  1647 | D:2      | Found a blossoming altar of Fedhas.
  1698 | D:2      | Noticed an angel
  1766 | D:3      | Found an ornate altar of the Wu Jian Council.
  1868 | D:3      | Reached XP level 5. HP: 16/33 MP: 5/5
  2084 | D:3      | Noticed a moth of wrath
  2087 | D:3      | Found a bloodstained altar of Trog.
  2603 | D:4      | Reached XP level 6. HP: 24/39 MP: 6/6
  2611 | D:4      | Noticed an orc warrior
  2626 | D:4      | Slain by an orc warrior

Levels and vault maps discovered:
D:1:      noname_arrival_rooms_in_the_neighbourhood, layout_basic
D:2:      layout_loops_ring, grunt_temple_overflow_holy_war,
          nicolae_overflow_hidden_temple, xom_redecorated
D:3:      layout_rooms, tgw_trog, lemuel_crystal_altar
D:4:      layout_layer_cave, minmay_temple_entry_glassed_door,
          lightli_ossuary_entry_decrepit_ruins

Skill      XL: |  1  2  3  4  5 |
---------------+----------------+-----
Maces & Flails | 3 4 |  4.6
Fighting       | 4 |  4.5
Armour         | 4 |  4.5
Shields        | |  3.3

Action                   |  1- 3 |  4- 6 || total
-------------------------+-------+-------++-------
Melee: Flail             |   143 |   178 ||   321
  Eat: Chunk             |     2 |     4 ||     6
Armor: Scale mail        |    76 |    95 ||   171
Dodge: Dodged            |    57 |    65 ||   122
Block: Shield            |    77 |    83 ||   160

Table legend:
 A = Non-vault XP
 B = Vault XP
 C = Vault XP percentage of total XP
 D = Non-vault monster count
 E = Vault monster count
 F = Vault count percentage of total count
                 A         B        C        D         E       F
            +---------+---------+-------+---------+---------+-------
      Total |     357 |       5 |   1.4 |      71 |       5 |   6.6
            +---------+---------+-------+---------+---------+-------
        D:1 |      37 |       0 |   0.0 |      23 |       0 |   0.0
        D:2 |      51 |       0 |   0.0 |      16 |       0 |   0.0
        D:3 |     223 |       5 |   2.2 |      29 |       5 |  14.7
        D:4 |      46 |       0 |   0.0 |       3 |       0 |   0.0
            +---------+---------+-------+---------+---------+-------
